 Dungeon Crawl Stone Soup version 0.23-a0-629-gae4348f (webtiles) character file.

13 zishaf the Sneak (level 2, -3/15 HPs)
             Began as a Kobold Enchanter on Dec 27, 2018.
             Slain by a hobgoblin
             ... wielding a +0 club
              (6 damage)
             ... on level 1 of the Dungeon.
             The game lasted 00:01:26 (526 turns).

zishaf the Sneak (Kobold Enchanter)                  Turns: 526, Time: 00:01:26

Health: -3/15      AC:  2    Str:  5    XL:     2   Next: 50%
Magic:  4/5        EV: 15    Int: 16    God:
Gold:   14         SH:  4    Dex: 15    Spells: 4/5 levels left

rFire    . . .     SeeInvis .   a - +1 dagger
rCold    . . .     Gourm    .   e - +0 buckler
rNeg     . . .     Faith    .   b - +0 robe
rPois    .         Spirit   .   (no helmet)
rElec    .         Reflect  .   (no cloak)
rCorr    .         Harm     .   (no gloves)
MR       .....                  (no boots)
Stlth    +++.......             (no amulet)
HPRegen  0.05/turn              (no ring)
MPRegen  0.09/turn              (no ring)

@: no status effects
A: small, carnivore
a: no special abilities


You were on level 1 of the Dungeon.
You were full.

You visited 1 branch of the dungeon, and saw 1 of its levels.

You collected 14 gold pieces.

Inventory:

Hand Weapons
 a - a +1 dagger (weapon)
Missiles
 g - 9 stones (quivered)
Armour
 b - a +0 robe (worn)
 e - a +0 buckler (worn)
Scrolls
 c - 3 scrolls of identify {unknown}
Potions
 f - a potion of heal wounds {unknown}
Comestibles
 d - a ration


   Skills:
 + Level 1.7 Short Blades
 + Level 2.6 Dodging
 + Level 4.2 Stealth
 * Level 0.7 Shields
 - Level 2.1 Spellcasting
 + Level 3.1 Hexes


You had 4 spell levels left.
You knew the following spells:

 Your Spells              Type           Power        Failure   Level  Hunger
a - Corona                Hex            ##.....      9%          1    #......

Your spell library contained the following spells:

 Spells                   Type           Power        Failure   Level  Hunger
 Ensorcelled Hibernation  Hex/Ice        #.....       26%         2    ###....
 Confuse                  Hex            ##......     26%         3    ###....
 Tukima's Dance           Hex            ##......     26%         3    ###....
 Dazzling Spray           Conj/Hex       #.....       45%         3    ###....


Dungeon Overview and Level Annotations

Branches:
Dungeon (1/15)

Altars:


Innate Abilities, Weirdness & Mutations

You are small and have problems with some larger weapons.
You are carnivorous and can eat meat at any time.


Message History

Press: ? - help, Shift-Dir - straight line, f/p - hobgoblin
Aim: a hobgoblin, wielding a +0 club (chance to defeat MR: 64%)
The hobgoblin is outlined in light.
You hit the hobgoblin but do no damage.
The hobgoblin hits you but does no damage.
You closely miss the hobgoblin. The hobgoblin misses you.
You hit the hobgoblin but do no damage. The hobgoblin closely misses you.
You hit the hobgoblin.
The hobgoblin is moderately wounded.
You block the hobgoblin's attack.
You hit the hobgoblin but do no damage.
The hobgoblin is moderately wounded.
The hobgoblin misses you.
You hit the hobgoblin.
The hobgoblin is heavily wounded.
You block the hobgoblin's attack.
You hit the hobgoblin but do no damage.
The hobgoblin is heavily wounded.
The hobgoblin hits you with a +0 club.
You die...

.##.#########
.#....(.....###
.#............#
....(.........#####
.............รท'...#
....######....##.##
..............##.#
##########....##.#
.##### #...K##@#
...... #....##g#
....#. #..(.##.#
....# #....##.#
....# #....##.#
#+### #....'..#
####...###########
..................>
#######....########


You could see a hobgoblin.

Vanquished Creatures
  A dart slug (D:1)
  2 bats (D:1)
  A hobgoblin (D:1)
  2 kobolds (D:1)
  3 frilled lizards (D:1)
  2 rats (D:1)
11 creatures vanquished.

Notes
Turn   | Place    | Note
-------+----------+-------------------------------------------
     0 | D:1      | zishaf the Kobold Enchanter began the quest for the Orb.
     0 | D:1      | Reached XP level 1. HP: 10/10 MP: 3/3
   168 | D:1      | Reached XP level 2. HP: 15/15 MP: 5/5
   526 | D:1      | Slain by a hobgoblin

Vault maps used:
D:1:      minmay_arrival_split_and_join, minmay_pentomino_p2

Action                   || total
-------------------------++-------
Melee: Dagger            ||    49
 Cast: Corona            ||     3
 Stab: Sleeping          ||     6
  Eat: Chunk             ||     4
Armor: Robe              ||     5
Dodge: Dodged            ||    24
Block: Buckler           ||     4

Table legend:
 A = Non-vault XP
 B = Vault XP
 C = Vault XP percentage of total XP
 D = Non-vault monster count
 E = Vault monster count
 F = Vault count percentage of total count
                 A         B        C        D         E       F
            +---------+---------+-------+---------+---------+-------
      Total |      19 |       0 |   0.0 |      11 |       0 |   0.0
            +---------+---------+-------+---------+---------+-------
        D:1 |      19 |       0 |   0.0 |      11 |       0 |   0.0
            +---------+---------+-------+---------+---------+-------
